 Dungeon Crawl Stone Soup version 0.28-a0-796-gd4f0d3f9b2 (webtiles) character file.

Game seed: 11641546702940998678

3626 bustaboy the Skirmisher (level 10, -4/53 HPs)
             Began as a Vine Stalker Berserker on Nov 6, 2021.
             Was a Priest of Trog.
             Slain by a troll (8 damage)
             ... on level 8 of the Dungeon.
             The game lasted 01:11:11 (9287 turns).

bustaboy the Skirmisher (Vine Stalker Berserker)    Turns: 9287, Time: 01:11:11

Health: -4/53      AC: 10    Str: 23    XL:     10   Next: 11%
Magic:  0/11       EV: 13    Int:  7    God:    Trog [***...]
Gold:   408        SH:  0    Dex: 14    Spells: 9/9 levels left

rFire   + . .      SeeInvis .   A - +2 flail (spect)
rCold   . . .      Faith    .   (no shield)
rNeg    . . .      Spirit   +   B - +3 ring mail {rF+}
rPois   .          Reflect  .   (no helmet)
rElec   .          Harm     .   w - +0 cloak
rCorr   .          Rampage  .   (no gloves)
Will    +....                   (no boots)
Stlth   +.........              (no amulet)
HPRegen 1.17/turn               b - ring of flight
MPRegen 0.12/turn               (no ring)

@: about to teleport, on berserk cooldown, flying
A: fangs 3, regeneration 1, magic shield, antimagic bite, no potion heal 2
a: Renounce Religion, Berserk, Trog's Hand


You were on level 8 of the Dungeon.
You worshipped Trog.
Trog was most pleased with you.
You visited 1 branch of the dungeon, and saw 8 of its levels.

You collected 408 gold pieces.

Inventory:

Hand Weapons
 a - a +1 mace
 s - a +2 war axe of venom
 x - a +1 whip of flaming
 y - the +3 long sword "Qugoac" {protect, Dex+6}
   (You found it on level 5 of the Dungeon)

   It grants its wielder temporary protection when it strikes (+7 to AC).
   Dex:       It affects your dexterity (+6).
 z - a +1 falchion of holy wrath
 A - a +2 spectral flail (weapon)
Missiles
 p - 2 javelins (quivered)
 u - 5 throwing nets
 D - 21 poisoned darts
Armour
 m - a +1 scale mail
 w - a +0 cloak (worn)
 B - a +3 ring mail of fire resistance (worn)
Jewellery
 b - a ring of flight (left hand)
Wands
 r - a wand of mindburst (8)
Scrolls
 f - a scroll of fog
 h - 2 scrolls of enchant armour
 i - 2 scrolls of silence
 k - 4 scrolls of teleportation
 n - a scroll of immolation
 t - 2 scrolls of vulnerability
 v - a scroll of noise
 C - a scroll of fear
 E - a scroll of magic mapping {unknown}
Potions
 c - 3 potions of attraction {unknown}
 d - 3 potions of brilliance {unknown}
 e - a potion of ambrosia {unknown}
 g - a potion of berserk rage {unknown}
 j - 3 potions of curing {unknown}
 l - 2 potions of cancellation {unknown}
 o - a potion of might {unknown}
 q - 4 potions of degeneration {unknown}


   Skills:
 + Level 6.6 Fighting
 * Level 6.5(7.2) Axes
 - Level 4.6(6.3) Maces & Flails
 + Level 5.7 Armour
 + Level 5.7 Dodging


You had 9 spell levels left.
You didn't know any spells.
Your spell library contained the following spells:

 Spells                   Type           Power      Damage    Failure   Level
 Apportation              Tloc           0%         N/A       56%         1
 Passwall                 Tmut/Erth      0%         N/A       71%         2
 Sublimation of Blood     Necr           0%         N/A       71%         2
 Swiftness                Air            0%         N/A       91%         3
 Airstrike                Air            0%         N/A       100%        4
 Petrify                  Tmut/Erth      0%         N/A       100%        4
 Summon Lightning Spire   Summ/Air       0%         N/A       100%        4
 Alistair's Intoxication  Tmut/Pois      0%         N/A       100%        5
 Irradiate                Conj/Tmut      0%         3d13      100%        5
 Lightning Bolt           Conj/Air       0%         1d11      100%        5
 Invisibility             Hex            0%         N/A       100%        6


Dungeon Overview and Level Annotations

Branches:
Dungeon (8/15)             Temple (0/1) D:6
   Lair: D:8-11

Altars:
Dithmenos
Fedhas
Makhleb

Annotations:
D:7 2 transporters, dricus's ghost, novice GrFi


Innate Abilities, Weirdness & Mutations

You have razor-sharp teeth.
Your natural rate of healing is unusually fast.
When hurt, damage is shared between your health and your magic reserves.
Your bite disrupts and absorbs the magic of your enemies.
Potions cannot restore your health.


Message History

You closely miss the kobold brigand. Your bite misses the kobold brigand.
The kobold brigand is almost dead.
The kobold brigand hits you but does no damage.
The kobold brigand barely misses you.
You sock the kobold brigand!
You kill the kobold brigand!
Trog accepts your kill.
You closely miss the troll. You bite the troll! You drain its power.
The troll is moderately wounded.
You feel yourself speed up. The troll completely misses you.
The troll claws you. The troll claws you but does no damage.
The troll bites you. The troll claws you. The troll barely misses you.
Okay, then.
You hit the troll but do no damage. Your bite misses the troll.
The troll is moderately wounded.
The troll bites you. The troll claws you but does no damage.
The troll barely misses you.
You hit the troll. You bite the troll, but do no damage.
The troll is moderately wounded.
The troll bites you! The troll claws you but does no damage.
The troll claws you.
Okay, then.
You barely miss the troll. You bite the troll! You drain its power.
You feel invigorated.
The troll is heavily wounded.
The troll bites you! The troll claws you.
The troll claws you but does no damage.
You are too injured to fight recklessly!
You sock the troll! Your bite misses the troll.
The troll is severely wounded.
The troll bites you. The troll claws you. The troll claws you!
* * * LOW HITPOINT WARNING * * *
The troll bites you!
* * * LOW HITPOINT WARNING * * *
The troll completely misses you. The troll claws you!
* * * LOW HITPOINT WARNING * * *
As you read the scroll of teleportation, it crumbles to dust.
You feel strangely unstable. The troll bites you!
You die... .. #..###.### .# #. #......# ... #. #.#...###### #.# #. ..##..........# .$#$.#? #........####.# $.$#. #.###.#.####... #..##### #.#.###.... #ZZDT.#

### #.##..... #.Z##@#
... #.#...... #..##.#
#.# #........
...###.## #.#
###......
###)...#.###.# ##..<..
#.#.###..#.## ##....
#....#.#....#######...
##. #.....)..........#
.. #####...#######.##
## ##.## #.##


You could see a troll, a steam dragon, a killer bee zombie and a howler monkey
zombie.

Vanquished Creatures
  Harold (D:7)
  Pikel (D:5)
  A cyclops (D:8)
  Sigmund (D:4)
  A steam dragon (D:8)
  Menkaure (D:5)
  Edmund (D:5)
  A sky beast (D:6)
  An ogre (D:5)
  2 centaurs
  A lemure (D:5)
  3 phantoms
  2 kobold brigands (D:8)
  A bullfrog (D:7)
  A wyvern zombie (D:7)
  2 scorpions
  A water moccasin zombie (D:6)
  A wyvern skeleton (D:7)
  2 howler monkeys (D:8)
  A centaur zombie (D:6)
  A jelly (D:5)
  An orc priest (D:7)
  2 centaur skeletons
  2 bullfrog skeletons
  4 iguanas
  4 orc wizards
  7 adders
  An ufetubus (D:5)
  A worm (D:3)
  5 dart slugs
  10 orcs
  7 ball pythons
  7 endoplasms
  3 giant cockroaches
  9 hobgoblins
  2 jackals (D:1)
  4 quokkas
  5 bats
  5 frilled lizards
  6 goblins
  7 kobolds
  5 rats
124 creatures vanquished.

Vanquished Creatures (others)
  2 demonic plants (D:2)
2 creatures vanquished.

Grand Total: 126 creatures vanquished

Notes
Turn   | Place    | Note
-------+----------+-------------------------------------------
     0 | D:1      | bustaboy the Vine Stalker Berserker began the quest for the
                  | Orb.
     0 | D:1      | Reached XP level 1. HP: 11/11 MP: 2/2
   307 | D:1      | Reached XP level 2. HP: 16/16 MP: 3/3
  1048 | D:1      | Reached XP level 3. HP: 12/19 MP: 2/4
  1467 | D:1      | Reached ** piety under Trog
  2522 | D:2      | Gained mutation: Your natural rate of healing is unusually
                  | fast. [Vine Stalker growth]
  2522 | D:2      | Reached XP level 4. HP: 17/24 MP: 3/5
  2917 | D:2      | Found a faded altar of an unknown god.
  3422 | D:3      | Found a blossoming altar of Fedhas.
  3970 | D:3      | Reached XP level 5. HP: 27/28 MP: 6/6
  4047 | D:3      | Reached *** piety under Trog
  4414 | D:4      | Found a shadowy altar of Dithmenos.
  4416 | D:4      | Found a burning altar of Makhleb.
  4961 | D:4      | Noticed Sigmund
  4968 | D:4      | Killed Sigmund
  4969 | D:4      | Reached XP level 6. HP: 33/33 MP: 7/7
  5219 | D:5      | Entered Level 5 of the Dungeon
  5219 | D:5      | Noticed Menkaure
  5513 | D:6      | Reached XP level 7. HP: 37/37 MP: 8/8
  5901 | D:6      | Found a staircase to the Ecumenical Temple.
  6094 | D:6      | Reached skill level 1 in Axes
  6095 | D:6      | Gained mutation: You have razor-sharp teeth. [Vine Stalker
                  | growth]
  6095 | D:6      | Reached XP level 8. HP: 42/42 MP: 7/9
  7118 | D:5      | Reached skill level 5 in Fighting
  7357 | D:5      | Killed Menkaure
  7503 | D:5      | Noticed Pikel
  7514 | D:5      | Killed Pikel
  7515 | D:5      | Reached XP level 9. HP: 40/47 MP: 8/10
  7595 | D:5      | Identified the +3 long sword "Qugoac" {protect, Dex+6}
  7636 | D:5      | Noticed Edmund
  7643 | D:5      | Killed Edmund
  8393 | D:7      | Reached skill level 5 in Armour
  8409 | D:7      | Found a transporter.
  8419 | D:7      | Noticed dricus's ghost (novice GrFi)
  8697 | D:7      | Noticed a toenail golem
  8712 | D:7      | Noticed Harold
  8721 | D:7      | Killed Harold
  8722 | D:7      | Reached skill level 5 in Axes
  8722 | D:7      | Reached skill level 5 in Dodging
  8781 | D:7      | Found a transporter.
  9242 | D:8      | Noticed a cyclops
  9254 | D:8      | Killed a cyclops
  9255 | D:8      | Reached XP level 10. HP: 33/53 MP: 9/11
  9287 | D:8      | Slain by a troll

Illustrated notes

Levels and vault maps discovered:
D:1:      eino_arrival_water_star, layout_basic, serial_aquarium,
          aquarium_bridge_island_small [aquarium_subvault_small_open,
          aquarium_subvault_bridge, aquarium_subvault_balcony,
          aquarium_subvault_bridge, aquarium_subvault_bridge],
          aquarium_bridge_straight [aquarium_subvault_bridge,
          aquarium_subvault_wall, aquarium_subvault_bridge,
          aquarium_subvault_wall], aquarium_window_fake,
          aquarium_window_corridor_3, aquarium_window_fake,
          aquarium_window_corner, aquarium_view_2b, aquarium_balcony_5b
D:2:      layout_loops_ring, serial_aquarium, aquarium_bridge_long_separate
          [aquarium_subvault_bridge, aquarium_subvault_wall,
          aquarium_subvault_balcony, aquarium_subvault_wall,
          aquarium_subvault_window, aquarium_subvault_bridge],
          aquarium_bridge_straight [aquarium_subvault_bridge,
          aquarium_subvault_window, aquarium_subvault_bridge,
          aquarium_subvault_wall], aquarium_window_1, aquarium_window_fake,
          aquarium_view_2e, aquarium_view_2a, aquarium_pool_1,
          dreamdust_ecumenical_altar_sealed_demon, feat_on_display
D:3:      layout_basic, fedhas_altar_4, serial_curves, eino_curves_04,
          eino_curves_02
D:4:      layout_loops_corners, chequers_temple_overflow_statue_of_worship,
          uniq_sigmund
D:5:      layout_layer_cave, uniq_menkaure, uniq_pikel, uniq_edmund
D:6:      layout_layer_cave, minmay_temple_entry_from_below_a,
          minmay_misc_feat_five
D:7:      layout_loops_cross, gammafunk_ghost_abyssal_escape, uniq_harold
D:8:      minmay_the_grid_square_5x5_3x3 [minmay_the_grid_square_5x5_moneybag,
          minmay_the_grid_square_5x5_spiral,
          minmay_the_grid_square_5x5_intrusive_squares,
          minmay_the_grid_square_5x5_percent,
          minmay_the_grid_square_5x5_megaprize_open,
          minmay_the_grid_square_5x5_lines,
          minmay_the_grid_square_5x5_bracketed,
          minmay_the_grid_square_5x5_spiral_small,
          minmay_the_grid_square_5x5_doubleslash], layout_loops_ring,
          uniq_prince_ribbit1

Skill      XL: |  1  2  3  4  5  6  7  8  9 |
---------------+----------------------------+-----
Maces & Flails | 3 4 |  4.6
Armour         | 2 3 4 5 |  5.7
Dodging        | 2 3 4 5 |  5.7
Fighting       | 3 4 5 6 |  6.6
Axes           | 1 4 6 |  6.5

Action                   |  1- 3 |  4- 6 |  7- 9 | 10-12 || total
-------------------------+-------+-------+-------+-------++-------
Melee: Mace              |    93 |    99 |    49 |       ||   241
       Bite              |    24 |    31 |    59 |    13 ||   127
       War axe           |       |       |    57 |       ||    57
       Flail             |       |       |    32 |    28 ||    60
Throw: Javelin           |       |     2 |       |       ||     2
Invok: Berserk           |     4 |     5 |    11 |       ||    20
       Trog's Hand       |       |     1 |     4 |     1 ||     6
  Use: Scroll            |     1 |     1 |    10 |     1 ||    13
 Stab: Sleeping          |     2 |       |       |       ||     2
       Distracted        |       |       |     1 |       ||     1
Armor: Animal skin       |    25 |     1 |       |       ||    26
       Scale mail        |       |    39 |    54 |       ||    93
       Ring mail         |       |       |     8 |    17 ||    25
Dodge: Dodged            |    83 |    48 |    94 |    22 ||   247

Table legend: (Time is in decaauts)
 A = Elapsed time spent in this place.
 B = Non-inter-level travel time spent in this place.
 C = Inter-level travel time spent in this place.
 D = Time resting spent in this place.
 E = Time spent auto-exploring this place.
 F = Levels seen in this place.
 G = Mean time per level.
                   A        B        C        D        E       F      G
               +--------+--------+--------+--------+--------+-----+--------+
         Total |   9553 |   9250 |    303 |   1595 |   5545 |   8 | 1194.1 |
       Dungeon |   9553 |   9250 |    303 |   1595 |   5545 |   8 | 1194.1 |
               +--------+--------+--------+--------+--------+-----+--------+

Top non-repeatable levels by time:
     D:1: 2096 daAuts
     D:6: 1594 daAuts
     D:5: 1450 daAuts
     D:2: 1284 daAuts
     D:4: 1280 daAuts
     D:3: 860 daAuts
     D:7: 835 daAuts
     D:8: 153 daAuts
